 Dungeon Crawl Stone Soup version 0.18.1-50-g88ac8fd (webtiles) character file.

38 Chaoticas the Cutter (level 3, -9/23 HPs)
             Began as a Gargoyle Berserker on Dec 2, 2016.
             Was a Follower of Trog.
             Killed by divine providence
             ... invoked by an orc priest
              (17 damage)
             ... on level 6 of the Dungeon.
             The game lasted 00:04:59 (1086 turns).

Chaoticas the Cutter (Gargoyle Berserker)           Turns: 1086, Time: 00:05:00

Health: -9/23      AC: 10    Str: 21    XL:     3   Next: 43%
Magic:  3/3        EV:  6    Int:  7    God:    Trog [*.....]
Gold:   60         SH:  0    Dex:  9    Spells: 0 memorised, 2 levels left

rFire  . . .     SeeInvis .     a - +0 short sword
rCold  . . .     Gourm    .     e - +0 ring mail
rNeg   + . .     Faith    .     (no shield)
rPois  ∞         Spirit   .     n - +1 helmet
rElec  +         Dismiss  .     (no cloak)
rCorr  .         Reflect  .     (no gloves)
SustAt .         Harm     .     (no boots)
MR     .....                    (no amulet)
Stlth  ..........               (no ring)
                                (no ring)

@: slowed, very slow, not resistant to hostile enchantments, extremely
unstealthy
A: negative energy resistance 1, electricity resistance, unbreathing,
petrification resistance, rot immunity, AC +3
a: Berserk, Burn Spellbooks, Renounce Religion


You were on level 6 of the Dungeon.
You worshipped Trog.
Trog was aware of your devotion.
You were hungry.

You visited 1 branch of the dungeon, and saw 5 of its levels.

You collected 60 gold pieces.

Inventory:

Hand Weapons
 a - a +0 short sword (weapon)
 i - a +0 short sword
Armour
 b - a +0 animal skin
 e - a +0 ring mail (worn)
 k - a +0 robe of cold resistance
 n - a +1 helmet (worn)
Scrolls
 d - a scroll of random uselessness {unknown}
 g - a scroll of enchant weapon {unknown}
 l - 2 scrolls of remove curse {unknown}
Potions
 j - a potion of lignification {unknown}
Comestibles
 c - a bread ration
 f - a beef jerky
 h - a slice of pizza
 m - a chunk of flesh


   Skills:
 - Level 3.4 Fighting
 * Level 3.9 Short Blades
 - Level 2.1 Armour
 - Level 1.5 Dodging


You had 2 spell levels left.
You didn't know any spells.

Dungeon Overview and Level Annotations

Branches:
Dungeon (6/15)
 Temple: D:4-7

Altars:

Annotations:
D:5 Edmund


Innate Abilities, Weirdness & Mutations

You are resistant to torment.
Your stone body is resilient (AC +3).
You are immune to poison.
You resist negative energy.
You are resistant to electric shocks.
You can survive without breathing.
You are immune to petrification.
You are immune to rotting.


Message History

You continue putting on your runed helmet.
The jackal barely misses you. The orc hits you but does no damage.
The jackal bites you but does no damage.
The orc closely misses you.
The orc priest hits you but does no damage.
The orc hits you but does no damage. The jackal bites you.
You finish putting on your +1 helmet.
The orc priest looks braver for a moment.
The jackal barely misses you.
The jackal bites you but does no damage.
The jackal barely misses you.
There is a stone staircase leading up here.
The jackal bites you but does no damage.
The orc priest hits you but does no damage.
The orc hits you but does no damage.
The jackal bites you but does no damage.
The orc priest invokes the aid of Beogh against you.
Beogh smites you!
Ouch! That really hurt!
You die...

######## #......#
#.....[# #....[.#
#......#
###..o...#
#...@o...#
#....#.ho...#####
#.# #..o....?...
#####.#.....
.o..... ......?
.#..... .......
.# ....


You could see 2 orc priests, an orc wizard, 2 orcs and a jackal.

Vanquished Creatures
  A killer bee zombie (D:4)
  A dart slug (D:1)
  2 giant cockroaches
  A goblin (D:1)
  4 hobgoblins (D:1)
  3 kobolds (D:1)
  A bat (D:1)
  A giant newt (D:1)
  A rat (D:1)
15 creatures vanquished.

Notes
Turn   | Place    | Note
--------------------------------------------------------------
     0 | D:1      | Chaoticas the Gargoyle Berserker began the quest for the Orb.
     0 | D:1      | Reached XP level 1. HP: 14/14 MP: 1/1
   536 | D:1      | Reached XP level 2. HP: 19/19 MP: 2/2
   956 | D:2      | You fall through a shaft for 2 floors!
   983 | D:4      | Reached XP level 3. HP: 23/23 MP: 3/3
  1039 | D:4      | Noticed Edmund
  1070 | D:5      | Entered Level 5 of the Dungeon
  1072 | D:5      | Noticed an ogre
  1086 | D:6      | Killed from afar by an orc priest

Skill      XL: |  1 |
---------------+----+-----
Short Blades   | 3 |  3.9
Fighting       | |  3.4
Armour         | |  2.1
Dodging        | |  1.5

Action                   || total
-------------------------++-------
Melee: Short sword       ||    69
Invok: Berserk           ||     1
  Eat: Chunk             ||     1
Armor: Ring mail         ||    43
       Animal skin       ||     1
Dodge: Dodged            ||    56
